 Dungeon Crawl Stone Soup version 0.21-a0-260-g9b2435e (webtiles) character file.

35 sveltemanboy the Chopper (level 3, 0/29 HPs)
             Began as a Demonspawn Monk on Sept 7, 2017.
             Slain by a goblin
             ... wielding a +0 club
              (1 damage)
             ... on level 2 of the Dungeon.
             The game lasted 00:02:43 (1476 turns).

sveltemanboy the Chopper (Demonspawn Monk)          Turns: 1476, Time: 00:02:44

Health: 0/29       AC:  5    Str: 12    XL:     3   Next: 16%
Magic:  3/3        EV: 11    Int: 11    God:
Gold:   118        SH:  0    Dex: 15    Spells: 2/2 levels left

rFire    . . .     SeeInvis .   a - +0 hand axe
rCold    . . .     Gourm    .   (no shield)
rNeg     . . .     Faith    .   g - +0 ring mail
rPois    .         Spirit   .   (no helmet)
rElec    .         Reflect  .   (no cloak)
rCorr    .         Harm     .   (no gloves)
MR       .....                  (no boots)
Stlth    +.........             (no amulet)
HPRegen  0.09/turn              (no ring)
MPRegen  0.08/turn              (no ring)

@: no status effects
A: claws 2
a: no special abilities


You were on level 2 of the Dungeon.
You were hungry.

You visited 1 branch of the dungeon, and saw 2 of its levels.

You collected 118 gold pieces.

Inventory:

Hand Weapons
 a - a +0 hand axe (weapon)
Armour
 g - a +0 ring mail (worn)
Scrolls
 b - a scroll of amnesia {unknown}
 d - a scroll of remove curse {unknown}
 e - a scroll of teleportation {unknown}
 f - a scroll of fog {unknown}
 h - a scroll of enchant armour {unknown}
 j - a scroll of noise {unknown}
Potions
 i - 3 potions of curing {unknown}
Comestibles
 c - 2 bread rations


   Skills:
 - Level 3.0 Fighting
 - Level 3.2 Axes
 - Level 1.0 Armour
 - Level 2.6 Dodging
 - Level 1.7 Stealth
 * Level 1.3 Unarmed Combat


You had 2 spell levels left.
You didn't know any spells.

Dungeon Overview and Level Annotations

Branches:
Dungeon (2/15)

Altars:


Innate Abilities, Weirdness & Mutations

You have very sharp fingernails.


Message History

The worm is severely wounded.
You hit the worm.
You kill the worm!
You barely miss the goblin. The goblin barely misses you.
You closely miss the goblin. The goblin barely misses you.
You barely miss the goblin. The goblin hits you with a club.
* * * LOW HITPOINT WARNING * * *
You barely miss the goblin. The goblin hits you but does no damage.
You closely miss the goblin. The goblin hits you but does no damage.
You hit the goblin.
The goblin is severely wounded.
The goblin closely misses you.
You barely miss the goblin.
The goblin is severely wounded.
The goblin hits you but does no damage. The goblin hits you with a club.
* * * LOW HITPOINT WARNING * * *
You barely miss the goblin.
The goblin is severely wounded.
The goblin hits you with a club.
You die...

#..... #####.###.
#.........
##########.###.####
...........# #.#
######.##.###.####
#..#...........
..########.###.)###.####
......g@†.## ##.# #.# #
..########.###..###.####
..#...#.......
..<#..#.#.....
#.....#.##.###
..##.........
#(#.####..#####
#.#.......# #.#.#####.#


You could see a goblin.

Vanquished Creatures
  2 worms (D:2)
  A dart slug (D:1)
  2 bats (D:1)
  A giant cockroach (D:1)
  4 goblins
  5 hobgoblins
  3 jackals (D:2)
  A kobold (D:2)
  2 frilled lizards (D:1)
  2 rats (D:2)
23 creatures vanquished.

Notes
Turn   | Place    | Note
-------+----------+-------------------------------------------
     0 | D:1      | sveltemanboy the Demonspawn Monk began the quest for the Orb.
     0 | D:1      | Reached XP level 1. HP: 18/18 MP: 1/1
   547 | D:1      | Gained mutation: You have sharp fingernails. [demonic ancestry]
   547 | D:1      | Reached XP level 2. HP: 21/24 MP: 2/2
  1237 | D:2      | Reached skill level 1 in Armour
  1259 | D:2      | Reached skill level 1 in Unarmed Combat
  1454 | D:2      | Gained mutation: You have very sharp fingernails. [demonic ancestry]
  1454 | D:2      | Reached XP level 3. HP: 29/29 MP: 3/3
  1471 | D:2      | HP: 1/29 [goblin/club (1)]
  1476 | D:2      | Slain by a goblin

Vault maps used:
D:1:      sevenhm_arrival_forest_fort_small_5

Skill      XL: |  1  2 |
---------------+-------+-----
Axes           | 3 |  3.2
Armour         | 1 |  1.0
Unarmed Combat | 1 |  1.3
Fighting       | |  3.0
Dodging        | |  2.6
Stealth        | |  1.7

Action                   || total
-------------------------++-------
Melee: Hand axe          ||    93
 Stab: Sleeping          ||     3
  Eat: Chunk             ||     1
Armor: Robe              ||     4
       Ring mail         ||    19
Dodge: Dodged            ||    41

Table legend:
 A = Spawn XP
 B = Non-spawn XP
 C = Spawn XP percentage of total XP
 D = Spawn monster count
 E = Non-spawn monster count
 F = Spawn count percentage of total count
 G = Total turns spent on level
                    A         B        C        D         E        F      G
               +---------+---------+-------+---------+---------+-------+---------
         Total |       0 |      50 |   0.0 |       0 |      23 |   0.0 |  1476
               +---------+---------+-------+---------+---------+-------+---------
           D:1 |       0 |      24 |   0.0 |       0 |      12 |   0.0 |  1122
           D:2 |       0 |      26 |   0.0 |       0 |      11 |   0.0 |   354
               +---------+---------+-------+---------+---------+-------+---------
